[Event "Titled Tuesday Blitz April 4 Early 2023"]
[White "Vakhidov, Shahzod"]
[Black "Bowden, Karl"]
[WhiteFideId "14205270"]
[BlackFideId "400548"]
[WhiteElo "2212"]
[BlackElo "2472"]
[Result "1/2-1/2"]
[Round "11"]
[TimeControl "180+2"]
[Date "2023.04.04"]
[WhiteClock "0:00:38"]
[BlackClock "0:01:24"]

1. Nf3 Nf6 2. g3 g6 3. Bg2 Bg7 4. O-O O-O 5. d4 Nc6 6. c4 Rb8 7. Nc3 a6 8. d5 Na5 9. b3 c5 10. dxc6 Nxc6 11. Bb2 b5 12. cxb5 axb5 13. Nd5 Nxd5 14. Bxg7 Ne3 15. Qc1 Nxf1 16. Qh6 f6 17. Bxf8 Qxf8 18. Qxf8+ Kxf8 19. Bxf1 b4 20. a4 bxa3 21. Rxa3 d6 22. e3 Be6 23. Bc4 Bxc4 24. bxc4 Rb4 25. Rc3 Kf7 26. Nd4 Ne5 27. c5 dxc5 28. Rxc5 Rb7 29. Kg2 Nd7 30. Ra5 e5 31. Nc6 Rb6 32. Na7 Ke6 1/2-1/2


[Site "https://www.chess.com"]

[Event "Titled Tuesday Blitz April 4 Early 2023"]
[White "M_Bozorov"]
[Black "Horak, Martin"]
[BlackFideId "367095"]
[WhiteElo "2471"]
[BlackElo "2091"]
[Result "1/2-1/2"]
[Round "11"]
[TimeControl "180+2"]
[Date "2023.04.04"]
[WhiteClock "0:00:06"]
[BlackClock "0:00:04"]

1. e4 c5 2. Nf3 Nc6 3. Bb5 d6 4. O-O Bd7 5. Re1 a6 6. Bf1 Nf6 7. c3 Bg4 8. h3 Bh5 9. g4 Bg6 10. d4 cxd4 11. cxd4 d5 12. exd5 Nxd5 13. Nc3 e6 14. Nxd5 Qxd5 15. Bg2 Bb4 16. Ne5 Qb5 17. a4 Qb6 18. Nxc6 bxc6 19. Bd2 O-O 20. Rc1 Rac8 21. Qb3 Ba5 22. Qxb6 Bxb6 23. Rxc6 Rxc6 24. Bxc6 Bxd4 25. b4 Rb8 26. b5 axb5 27. axb5 Bd3 28. Be3 Bxb5 29. Bxb5 Bxe3 30. Rxe3 Rxb5 31. Kg2 g5 32. Kg3 Rb1 33. Kg2 Kg7 34. Re5 Kf6 35. Re3 Kg6 36. Rf3 Rb7 37. Rc3 h5 38. Kg3 h4+ 39. Kg2 Rb4 40. Rd3 Rf4 41. Rd8 Kf6 42. Rh8 Ke5 43. Rg8 f6 44. Rg7 Ke4 45. Rg8 Ke5 46. Rg7 Rc4 47. Rg8 Kf4 48. Rf8 f5 49. gxf5 exf5 50. Ra8 Rd4 51. Ra5 Re4 52. Ra8 Rb4 53. Rc8 Re4 54. Ra8 Rd4 55. Rb8 Rd5 56. Ra8 Ke5 57. Rb8 Rd6 58. Ra8 Kf6 59. Rf8+ Ke5 60. Ra8 g4 61. hxg4 fxg4 62. Ra4 Kf5 63. Ra5+ Kg6 64. Rb5 Rf6 65. Rc5 Rf5 66. Rc8 Kg5 67. Ra8 h3+ 68. Kg1 Kf4 69. Ra4+ Kg5 70. Ra8 Re5 71. Ra7 Kf4 72. Ra4+ Re4 73. Ra3 Rd4 74. Rb3 Ke4 75. Ra3 Rd3 76. Ra8 Kf3 77. Rf8+ Ke4 78. Rf7 Rd5 79. Rf8 Rf5 80. Ra8 Kf3 81. Ra3+ Kf4 82. Ra4+ Kg5 83. Ra8 1/2-1/2


[Site "https://www.chess.com"]

[Event "Titled Tuesday Blitz April 4 Early 2023"]
[White "Moral Garcia, Serafin"]
[Black "Hirneise, Jens"]
[WhiteFideId "2201925"]
[BlackFideId "24614734"]
[WhiteElo "2274"]
[BlackElo "2345"]
[Result "0-1"]
[Round "11"]
[TimeControl "180+2"]
[Date "2023.04.04"]
[WhiteClock "0:00:46"]
[BlackClock "0:00:11"]

1. e4 c5 2. Nf3 Nc6 3. Bb5 e6 4. O-O Nge7 5. Re1 h6 6. Bxc6 Nxc6 7. d4 cxd4 8. Nxd4 Be7 9. Nxc6 dxc6 10. Qg4 Kf8 11. e5 h5 12. Qf3 Bg5 13. Nc3 Bxc1 14. Raxc1 Bd7 15. Rcd1 Qe7 16. Ne4 Be8 17. Rd6 Rd8 18. Red1 Rxd6 19. Rxd6 h4 20. h3 Rh6 21. a4 b6 22. a5 bxa5 23. Qc3 Qc7 24. Nc5 Qb6 25. Na4 Qb4 26. b3 Qxc3 27. Nxc3 Rh5 28. f4 g5 29. fxg5 Rxg5 30. Rd4 Rxe5 31. Rxh4 Rc5 32. Na4 Rxc2 33. Rg4 f5 34. Rg5 c5 35. h4 c4 36. Nc5 cxb3 37. Nxb3 a4 38. Nd4 Rc1+ 39. Kh2 a3 40. Nxe6+ Ke7 41. Rg7+ Kxe6 42. Rxa7 Ra1 43. Kg3 a2 44. Ra3 Bf7 45. h5 Bxh5 0-1


[Site "https://www.chess.com"]

[Event "Titled Tuesday Blitz April 4 Early 2023"]
[White "Leebit02"]
[Black "Sharapov, Evgeny"]
[BlackFideId "14103133"]
[WhiteElo "2440"]
[BlackElo "2367"]
[Result "0-1"]
[Round "11"]
[TimeControl "180+2"]
[Date "2023.04.04"]
[WhiteClock "0:01:00"]
[BlackClock "0:00:45"]

1. Nf3 c5 2. b3 Nc6 3. Bb2 Nf6 4. c4 g6 5. g3 Bg7 6. Bg2 O-O 7. O-O d5 8. cxd5 Nxd5 9. Bxg7 Kxg7 10. d4 cxd4 11. Nxd4 Nxd4 12. Qxd4+ Nf6 13. Qe5 Qb6 14. Nc3 Be6 15. Na4 Qb4 16. Nc5 Bg4 17. Bxb7 Rab8 18. a3 Qd2 19. Rfe1 Qd6 20. Qe3 Nd5 21. Bxd5 Qxd5 22. b4 Bh3 23. f3 Rfe8 24. Red1 Qc6 25. Rac1 Qf6 26. Ne4 Qb2 27. Rc3 Rbd8 28. Rcd3 Rxd3 29. Rxd3 Qb1+ 0-1


[Site "https://www.chess.com"]

[Event "Titled Tuesday Blitz April 4 Early 2023"]
[White "Gurevich, Dmitry"]
[Black "Toktomushev, Teimur"]
[WhiteFideId "2000407"]
[BlackFideId "14176726"]
[WhiteElo "2506"]
[BlackElo "2116"]
[Result "1-0"]
[Round "11"]
[TimeControl "180+2"]
[Date "2023.04.04"]
[WhiteClock "0:00:08"]
[BlackClock "0:00:02"]

1. d4 d5 2. c4 e6 3. Nc3 Nf6 4. Nf3 Be7 5. g3 O-O 6. Bg2 c6 7. O-O b6 8. Ne5 Ba6 9. cxd5 cxd5 10. Re1 Bb7 11. Bg5 Nfd7 12. Bxe7 Qxe7 13. e4 dxe4 14. Nxe4 Na6 15. Qa4 Nxe5 16. dxe5 Nc5 17. Nxc5 bxc5 18. Bxb7 Qxb7 19. b3 Rfd8 20. Rad1 h6 21. Qc4 Qb4 22. Rxd8+ Rxd8 23. Re4 Qa5 24. Qa4 Qb6 25. Re2 Rd1+ 26. Kg2 Qb7+ 27. Qe4 Qd7 28. Rc2 Rd5 29. h4 Qc7 30. Re2 Qa5 31. h5 Qb4 32. Qxb4 cxb4 33. f4 Ra5 34. Kf3 Kf8 35. Ke4 Ke7 36. Kd4 Rb5 37. Kc4 Rb7 38. Kc5 Rb6 39. Rd2 f6 40. g4 fxe5 41. fxe5 Rb7 42. Kc6 Rb6+ 43. Kc7 Rb5 44. Re2 Ra5 45. Kc6 Ra6+ 46. Kb5 Rb6+ 47. Kc5 Rb7 48. Re4 a5 49. Kc6 Rb8 50. Rc4 Rc8+ 51. Kb5 Rd8 52. Rc7+ Kf8 53. Kxa5 Rd4 54. Rc4 Rd2 55. Kxb4 Rxa2 56. Kc5 Re2 57. Kd6 Kf7 58. Rf4+ Ke8 59. Kxe6 Rb2 60. Rb4 Kd8 61. Rb8+ Kc7 62. Rg8 Rxb3 63. Rxg7+ Kc6 64. Rg6 Rg3 65. Kf5+ Kd5 66. Kf4 Rg1 67. Rd6+ Kc5 68. Rxh6 Rf1+ 69. Kg5 Kd5 70. e6 Kd6 71. Rf6 Re1 72. Kg6 Rg1 73. g5 Ke7 74. h6 Rh1 75. h7 Rh2 76. Kg7 Rh5 77. Rf7+ Kxe6 78. g6 Rh1 79. h8=Q Rxh8 80. Kxh8 Kd6 81. Kg7 1-0


[Site "https://www.chess.com"]

[Event "Titled Tuesday Blitz April 4 Early 2023"]
[White "Forgacs, Attila Jr."]
[Black "Molina, Roberto Junio Brito"]
[WhiteFideId "773654"]
[BlackFideId "2109450"]
[WhiteElo "2168"]
[BlackElo "2376"]
[Result "1-0"]
[Round "11"]
[TimeControl "180+2"]
[Date "2023.04.04"]
[WhiteClock "0:01:34"]
[BlackClock "0:01:28"]

1. e4 c6 2. d4 d5 3. Nd2 dxe4 4. Nxe4 Nd7 5. Ng5 Ngf6 6. Bd3 h6 7. Ne6 Qb6 8. Nxf8 Nxf8 9. c3 Bg4 10. Nf3 e6 11. O-O N8d7 12. h3 Bxf3 13. Qxf3 O-O 14. Qg3 Kh8 15. b3 a5 16. Be3 Qd8 17. Rfe1 Re8 18. Qh4 Nd5 19. Qe4 N7f6 20. Qh4 Nxc3 21. Bxh6 gxh6 22. Qxh6+ Kg8 23. Re3 Nh5 24. Bh7+ 1-0


[Site "https://www.chess.com"]

[Event "Titled Tuesday Blitz April 4 Early 2023"]
[White "UNSTOPPABLE_LEGEND"]
[Black "Pranav Anand"]
[BlackFideId "46626786"]
[WhiteElo "2512"]
[BlackElo "2389"]
[Result "0-1"]
[Round "11"]
[TimeControl "180+2"]
[Date "2023.04.04"]
[WhiteClock "0:00:57"]
[BlackClock "0:00:26"]

1. g3 h5 2. h4 d5 3. Bg2 Nf6 4. Nf3 Bf5 5. d3 e6 6. c4 c6 7. Nc3 Nbd7 8. Nd4 Bg6 9. cxd5 exd5 10. e4 Bc5 11. Nb3 Bb6 12. O-O O-O 13. Bg5 dxe4 14. dxe4 Qe8 15. Qe2 Ng4 16. Na4 Bc7 17. Rad1 f6 18. Bc1 Kh7 19. Nac5 Nxc5 20. Nxc5 b6 21. Nb3 c5 22. Bd2 Rd8 23. Bc3 Qe6 24. Bh3 Rxd1 25. Rxd1 Qxe4 26. Qxe4 Bxe4 27. Rd7 Bb8 28. Nd2 Bc6 29. Re7 Kg6 30. Bf1 Rd8 31. Be2 Ne5 32. Bd1 b5 33. Bc2+ Kh6 34. Ne4 Ng6 35. Rf7 Bxe4 36. Bxe4 Ne5 37. Rb7 b4 38. Be1 Nc4 39. b3 Nd6 40. Re7 Nxe4 41. Rxe4 Be5 42. Rc4 Rd1 43. Kf1 Bc3 44. Re4 Rxe1+ 45. Rxe1 Bxe1 46. Kxe1 Kg6 47. Ke2 Kf5 48. f3 Ke5 49. Kd3 Kd5 50. g4 g6 51. f4 hxg4 52. f5 gxf5 53. h5 Ke6 0-1


[Site "https://www.chess.com"]

[Event "Titled Tuesday Blitz April 4 Early 2023"]
[White "Shevtchenko, Olesya"]
[Black "Averjanov, Alexey"]
[WhiteFideId "24131890"]
[BlackFideId "14109867"]
[WhiteElo "2003"]
[BlackElo "2679"]
[Result "1-0"]
[Round "11"]
[TimeControl "180+2"]
[Date "2023.04.04"]
[WhiteClock "0:00:51"]
[BlackClock "0:01:01"]

1. e4 c6 2. Nc3 d5 3. Qf3 dxe4 4. Nxe4 Nd7 5. d4 Ngf6 6. Nxf6+ Nxf6 7. c3 Bg4 8. Qg3 Bh5 9. Bc4 e6 10. Ne2 Bxe2 11. Bxe2 g6 12. h4 h5 13. O-O Be7 14. Bg5 Ne4 15. Qe5 Nf6 16. Bf3 O-O 17. Qe2 Nd5 18. Bxe7 Qxe7 19. g3 Rfd8 20. Rfe1 Rd6 21. Rad1 Rad8 22. a4 a5 23. Qc2 Kg7 24. Re5 Qf6 25. Kg2 b6 26. Rde1 Ne7 27. Qb3 Nd5 28. Rg5 Kf8 29. Rge5 Kg7 30. Bxd5 cxd5 31. R1e3 Qe7 32. Rf3 Rb8 33. Qb5 Qd7 34. Qe2 Qxa4 35. Rxh5 Rbd8 36. Qe5+ Kf8 37. Rxf7+ Kxf7 38. Rh7+ Ke8 39. Qh8# 1-0


[Site "https://www.chess.com"]

[Event "Titled Tuesday Blitz April 4 Early 2023"]
[White "Salman, Pavel"]
[Black "Perez Gormaz, Matias"]
[WhiteFideId "24153753"]
[BlackFideId "3406342"]
[WhiteElo "2187"]
[BlackElo "2362"]
[Result "1-0"]
[Round "11"]
[TimeControl "180+2"]
[Date "2023.04.04"]
[WhiteClock "0:00:33"]
[BlackClock "0:00:04"]

1. Nf3 g6 2. d4 Bg7 3. e4 c5 4. d5 d6 5. h4 Nf6 6. h5 Nxh5 7. Rxh5 gxh5 8. Ng5 h6 9. Nf3 Bg4 10. Be2 Nd7 11. c3 Rg8 12. Bf4 Qb6 13. Qc2 O-O-O 14. Nbd2 Kb8 15. Nc4 Qc7 16. a4 Rdf8 17. a5 f5 18. a6 b6 19. O-O-O fxe4 20. Qxe4 Nf6 21. Qd3 Bd7 22. Ne3 Ng4 23. Bg3 b5 24. Nc2 Qa5 25. Qe4 Bf6 26. Nd2 Qxa6 27. Nb3 Qa4 28. Qxa4 bxa4 29. Nxc5 Bc8 30. Nxa4 Bg5+ 31. Kb1 Nxf2 32. Rd4 Ng4 33. Bb5 Kc7 34. Rc4+ Kd8 35. Nd4 Bd7 36. Ne6+ Bxe6 37. dxe6 Ne5 38. Bxe5 1-0


[Site "https://www.chess.com"]

[Event "Titled Tuesday Blitz April 4 Early 2023"]
[White "Novikov, Evgenij"]
[Black "Piesik, Piotr"]
[WhiteFideId "4125380"]
[BlackFideId "1136194"]
[WhiteElo "2242"]
[BlackElo "2299"]
[Result "1-0"]
[Round "11"]
[TimeControl "180+2"]
[Date "2023.04.04"]
[WhiteClock "0:01:30"]
[BlackClock "0:02:17"]

1. d4 c5 2. e4 cxd4 3. c3 dxc3 4. Nxc3 Nc6 5. Nf3 d6 6. Bc4 e6 7. O-O a6 8. Bf4 b5 9. Bb3 Bb7 10. Qe2 Nf6 11. Rfd1 Qb8 12. e5 Nh5 13. exd6 Nxf4 14. d7+ Kd8 15. Qe3 Be7 16. Ne4 Na5 17. Rac1 Bxe4 18. Rc8+ Qxc8 19. dxc8=Q+ Kxc8 20. Qxe4 1-0


[Site "https://www.chess.com"]

[Event "Titled Tuesday Blitz April 4 Early 2023"]
[White "Korelskiy, Egor"]
[Black "Al-Tarboush, Ward"]
[WhiteFideId "34329064"]
[BlackFideId "7601450"]
[WhiteElo "2186"]
[BlackElo "2265"]
[Result "0-1"]
[Round "11"]
[TimeControl "180+2"]
[Date "2023.04.04"]
[WhiteClock "0:00:02"]
[BlackClock "0:00:37"]

1. e4 b6 2. d4 Bb7 3. Nc3 e6 4. g4 Bb4 5. Bg2 Nf6 6. f3 c5 7. Ne2 cxd4 8. Nxd4 Nc6 9. Nxc6 Bxc6 10. Bd2 d5 11. exd5 Nxd5 12. Nxd5 Qh4+ 13. Kf1 Bb5+ 14. Kg1 Bc5+ 15. Be3 exd5 16. Bxc5 bxc5 17. Qxd5 O-O 18. Qxc5 a6 19. Qf2 Qf6 20. h4 Rfe8 21. Kh2 Re2 22. Qg3 Qxb2 23. Rae1 Qxc2 24. Rxe2 Qxe2 25. Re1 Qxa2 26. Qe5 h6 27. Qc5 Qd2 28. Rc1 Rd8 29. Rc2 Qf4+ 30. Kh3 Rd3 31. Qc8+ Kh7 32. Qb7 Bd7 33. Re2 Bxg4# 0-1


[Site "https://www.chess.com"]

[Event "Titled Tuesday Blitz April 4 Early 2023"]
[White "Ambartsumova, Karina"]
[Black "Andreev, Konstantin"]
[WhiteFideId "4166299"]
[BlackFideId "24239305"]
[WhiteElo "2240"]
[BlackElo "2106"]
[Result "1/2-1/2"]
[Round "11"]
[TimeControl "180+2"]
[Date "2023.04.04"]
[WhiteClock "0:00:09"]
[BlackClock "0:00:36"]

1. e4 c5 2. Nf3 e6 3. d4 cxd4 4. Nxd4 Nc6 5. Nc3 Qc7 6. Be2 a6 7. O-O Nf6 8. Be3 Be7 9. f4 d6 10. Qe1 O-O 11. Qg3 Nxd4 12. Bxd4 b5 13. a3 Bb7 14. Kh1 Rac8 15. Rae1 Ne8 16. Bd3 Bf6 17. e5 dxe5 18. fxe5 Be7 19. Qh3 g6 20. Ne4 Bxe4 21. Bxe4 Ng7 22. c3 Bc5 23. Qh6 Nf5 24. Bxf5 exf5 25. Rf4 Bxd4 26. cxd4 Rfe8 27. h4 f6 28. h5 Qg7 29. Qxg7+ Kxg7 30. hxg6 hxg6 31. Rf2 Rcd8 32. Rfe2 Kf7 33. e6+ Ke7 34. Rd1 Rd5 35. Kg1 Red8 36. Rc1 Kd6 37. e7 Re8 38. Rce1 Kd7 39. Re6 Rd6 40. d5 Rxd5 41. Rxa6 Rc5 42. Rxf6 Rxe7 43. Rxe7+ Kxe7 44. Rxg6 Kf7 45. Rb6 Ke7 46. Kh2 Kd7 47. b4 Rd5 48. Kg3 Kc7 49. Ra6 Rd2 50. Kf3 Ra2 51. g3 Rb2 52. Kf4 Rg2 53. Kg5 Rxg3+ 54. Kxf5 Re3 55. Kf4 Re1 56. Kf3 Re8 57. Ra5 Kb6 58. Kf4 Rd8 59. Ke4 Rh8 60. Ke3 Rc8 61. Kd3 Rd8+ 62. Kc3 Rc8+ 63. Kb3 Rd8 64. a4 bxa4+ 65. Kxa4 Rd1 66. Rb5+ Ka6 67. Rc5 Kb6 68. Kb3 Rb1+ 69. Kc4 Rc1+ 70. Kd5 Rd1+ 71. Kc4 Rc1+ 72. Kb3 Rb1+ 73. Ka3 Ka6 74. Rh5 Kb6 75. Rh6+ Kb5 76. Rh5+ Kb6 77. Ka4 Ra1+ 78. Kb3 Rb1+ 79. Kc3 Kc6 80. Rh6+ Kb5 81. Rh5+ Kb6 82. Kc4 Rc1+ 83. Kb3 Rb1+ 84. Ka3 Ka6 85. Ka4 Ra1+ 1/2-1/2


[Site "https://www.chess.com"]

[Event "Titled Tuesday Blitz April 4 Early 2023"]
[White "Reprintsev, Alexander"]
[Black "Mendez Fortes, Eduardo Jesus"]
[WhiteFideId "14100541"]
[BlackFideId "3502376"]
[WhiteElo "2211"]
[BlackElo "2307"]
[Result "0-1"]
[Round "11"]
[TimeControl "180+2"]
[Date "2023.04.04"]
[WhiteClock "0:00:29"]
[BlackClock "0:00:16"]

1. e4 c5 2. b3 g6 3. Bb2 Nf6 4. e5 Nd5 5. Nc3 Nxc3 6. Bxc3 Bg7 7. h4 O-O 8. h5 d6 9. hxg6 hxg6 10. Qe2 d5 11. Bb2 Nc6 12. O-O-O d4 13. Qe4 Nxe5 14. Qh4 f6 15. Nf3 Nxf3 16. Bc4+ e6 17. gxf3 a6 18. Rdg1 g5 19. Qh7+ Kf7 20. f4 Rh8 21. Qe4 Rxh1 22. Rxh1 gxf4 23. Rg1 Qh8 24. Qxf4 Bd7 25. Qc7 Qc8 26. Qg3 Qf8 27. Qg6+ Kg8 28. Bd3 f5 29. Rh1 Qf7 30. Qh7+ Kf8 31. f4 Bc6 32. Re1 Bd5 33. c4 dxc3 34. dxc3 Rc8 35. Bc2 b5 36. Rg1 b4 37. c4 Bxb2+ 38. Kxb2 Qxh7 0-1


[Site "https://www.chess.com"]

[Event "Titled Tuesday Blitz April 4 Early 2023"]
[White "Romero Pallares, Daniel"]
[Black "Sousa, Andre Ventura"]
[WhiteFideId "32025637"]
[BlackFideId "1917617"]
[WhiteElo "2195"]
[BlackElo "2348"]
[Result "0-1"]
[Round "11"]
[TimeControl "180+2"]
[Date "2023.04.04"]
[WhiteClock "0:00:02"]
[BlackClock "0:00:17"]

1. e4 e5 2. Nf3 Nc6 3. d4 exd4 4. Bc4 Nf6 5. e5 d5 6. Bb5 Ne4 7. Nxd4 Bc5 8. Be3 O-O 9. Nxc6 bxc6 10. Bxc5 Nxc5 11. Bxc6 Rb8 12. Nc3 d4 13. Nd5 d3 14. O-O Bb7 15. Bxb7 Rxb7 16. Qf3 dxc2 17. b4 c6 18. Nf6+ gxf6 19. bxc5 fxe5 20. Rac1 Qd2 21. Qe4 Rb2 22. Qxe5 Rfb8 23. Qe4 R8b4 24. Qe8+ Kg7 25. Qe5+ Kg6 26. h4 h5 27. g3 Rb1 28. f4 Rxc1 29. Qg5+ Kh7 30. Qxh5+ Kg7 31. Qg5+ Kf8 32. Rxc1 Qxc1+ 33. Kh2 Qd2+ 34. Kh3 Qd7+ 35. Kh2 c1=Q 36. Qh6+ Ke8 37. Qh8+ Ke7 38. Qe5+ Kd8 39. Qh8+ Kc7 40. Qe5+ Kb7 0-1


[Site "https://www.chess.com"]

[Event "Titled Tuesday Blitz April 4 Early 2023"]
[White "Ordekalog"]
[Black "Chernomordik, Pavel"]
[BlackFideId "2804530"]
[WhiteElo "2546"]
[BlackElo "2193"]
[Result "0-1"]
[Round "11"]
[TimeControl "180+2"]
[Date "2023.04.04"]
[WhiteClock "0:00:01"]
[BlackClock "0:00:24"]

1. b4 g6 2. Bb2 Nf6 3. g4 Bg7 4. g5 Nh5 5. d4 a5 6. b5 c5 7. e3 e6 8. h4 d5 9. Be2 Qb6 10. Bxh5 Qxb5 11. Bc3 gxh5 12. dxc5 Bxc3+ 13. Nxc3 Qxc5 14. Na4 Qb4+ 15. c3 Qe4 16. Nf3 e5 17. Rg1 Bg4 18. Rg3 Nd7 19. Rb1 Rb8 20. Rb5 O-O 21. Rxd5 Be6 22. Rd6 Rfe8 23. g6 hxg6 24. Nb2 Nc5 25. Kf1 Bxa2 26. Kg1 Be6 27. Ng5 Qxh4 28. Nxe6 Nxe6 29. Rd7 Rbd8 30. Rxd8 Rxd8 31. Qf3 a4 32. Rh3 Qg4+ 33. Rg3 Qxf3 34. Rxf3 a3 0-1


[Site "https://www.chess.com"]

[Event "Titled Tuesday Blitz April 4 Early 2023"]
[White "Omelja, Artem"]
[Black "ArtemDyachuk"]
[WhiteFideId "14119846"]
[WhiteElo "2404"]
[BlackElo "2429"]
[Result "1-0"]
[Round "11"]
[TimeControl "180+2"]
[Date "2023.04.04"]
[WhiteClock "0:00:12"]
[BlackClock "0:00:04"]

1. e4 c5 2. Nf3 d6 3. Bb5+ Nd7 4. O-O Nf6 5. Re1 g6 6. c3 Bg7 7. d4 cxd4 8. cxd4 O-O 9. Nc3 a6 10. Bf1 e5 11. dxe5 dxe5 12. Qd6 Re8 13. Bg5 Re6 14. Qd3 Qe8 15. Rad1 b5 16. Nd5 Nxd5 17. exd5 Rd6 18. Qa3 Qf8 19. Bd2 Rxd5 20. Bb4 Rxd1 21. Rxd1 Qe8 22. Bxb5 e4 23. Bc6 Rb8 24. Re1 Bb7 25. Rxe4 Qc8 26. Bxb7 Qxb7 27. Qd3 Nf6 28. Rd4 Qb6 29. a3 a5 30. Rd6 Qa7 31. Rd8+ Ne8 32. Bc5 Qc7 33. Rxb8 Qxb8 34. b4 axb4 35. axb4 Qa8 36. g3 Nc7 37. Ng5 h6 38. Ne4 Ne6 39. Nd6 Qc6 40. Qe4 Qa4 41. Qb7 Qd1+ 42. Kg2 Ng5 43. h4 1-0


[Site "https://www.chess.com"]

[Event "Titled Tuesday Blitz April 4 Early 2023"]
[White "Kukreja, Sankalp"]
[Black "Demin, Vladimir"]
[WhiteFideId "45027676"]
[BlackFideId "4167457"]
[WhiteElo "2126"]
[BlackElo "2544"]
[Result "0-1"]
[Round "11"]
[TimeControl "180+2"]
[Date "2023.04.04"]
[WhiteClock "0:00:08"]
[BlackClock "0:00:50"]

1. e4 e5 2. Nf3 Nc6 3. Bc4 Bc5 4. O-O Nf6 5. d4 Bxd4 6. Nxd4 Nxd4 7. f4 d6 8. fxe5 dxe5 9. Bg5 Qe7 10. c3 Ne6 11. Bxf6 gxf6 12. Kh1 h5 13. Qf3 Nf4 14. g3 Bg4 15. Qf2 Ne6 16. Qxf6 Qxf6 17. Rxf6 Ng5 18. Na3 Ke7 19. Raf1 Bh3 20. Rxf7+ Nxf7 21. Rxf7+ Kd6 22. Nb5+ Kc5 23. Rxc7+ Kb6 24. Rg7 Rh6 25. a4 Rd8 26. b4 Rd1+ 0-1


[Site "https://www.chess.com"]

[Event "Titled Tuesday Blitz April 4 Early 2023"]
[White "Manukian, Artak"]
[Black "Fiorito, Joaquin"]
[WhiteFideId "13301373"]
[BlackFideId "180173"]
[WhiteElo "2130"]
[BlackElo "2157"]
[Result "1-0"]
[Round "11"]
[TimeControl "180+2"]
[Date "2023.04.04"]
[WhiteClock "0:01:50"]
[BlackClock "0:00:56"]

1. e4 c6 2. d4 d5 3. e5 Bf5 4. c4 e6 5. Nc3 Ne7 6. Nf3 Nd7 7. Nh4 dxc4 8. Bxc4 Bg6 9. O-O Nd5 10. Nxg6 hxg6 11. g3 N7b6 12. Bb3 Nxc3 13. bxc3 Be7 14. h4 Bxh4 15. Kg2 Be7 16. Rh1 O-O 17. Qg4 Nd5 18. Qh3 f5 19. Qh7+ Kf7 20. Rh6 Ke8 21. Qxg7 Nxc3 22. Qxg6+ Kd7 23. Qxe6+ Kc7 24. Rh7 Qd7 25. Rxe7 1-0


[Site "https://www.chess.com"]

[Event "Titled Tuesday Blitz April 4 Early 2023"]
[White "Pajeken, Jakob Leon"]
[Black "Okike, David"]
[WhiteFideId "12942839"]
[BlackFideId "8500134"]
[WhiteElo "2414"]
[BlackElo "2232"]
[Result "1-0"]
[Round "11"]
[TimeControl "180+2"]
[Date "2023.04.04"]
[WhiteClock "0:01:37"]
[BlackClock "0:00:57"]

1. Nf3 d5 2. c4 c6 3. d4 Nf6 4. e3 Nbd7 5. b3 e6 6. Bb2 Be7 7. Nbd2 O-O 8. Bd3 a5 9. O-O a4 10. Qe2 Bb4 11. e4 a3 12. Bc1 h6 13. e5 Nh7 14. Bc2 Re8 15. h4 Ndf8 16. g3 b6 17. Rd1 Ba6 18. Nf1 Qe7 19. Ne3 Rac8 20. Bd3 Red8 21. Bd2 Qa7 22. Ng4 Bxd2 23. Rxd2 Qe7 24. Qe3 f5 25. exf6 Nxf6 26. Nxf6+ Qxf6 27. Re1 Re8 28. cxd5 Bxd3 29. Rxd3 cxd5 30. Ne5 Rc2 31. Rd2 Rec8 32. Qe2 Rc1 33. Rxc1 Rxc1+ 34. Kg2 Qf5 35. Nd3 Rc3 36. Nf4 g5 37. hxg5 hxg5 38. Rd3 Rxd3 39. Nxd3 g4 40. Ne5 Qe4+ 41. Qxe4 dxe4 42. Nxg4 Ng6 43. Nf6+ Kf7 44. Nxe4 Ne7 45. Nc3 Nf5 46. Nb5 Ke7 47. g4 Nd6 48. Nxd6 Kxd6 49. g5 e5 50. dxe5+ Kxe5 51. Kg3 Kf5 52. f4 b5 53. Kf3 b4 54. Kg3 1-0


[Site "https://www.chess.com"]

[Event "Titled Tuesday Blitz April 4 Early 2023"]
[White "Staudenhocker43"]
[Black "Yanayt, Eugene"]
[BlackFideId "2020165"]
[WhiteElo "2534"]
[BlackElo "2083"]
[Result "0-1"]
[Round "11"]
[TimeControl "180+2"]
[Date "2023.04.04"]
[WhiteClock "0:00:18"]
[BlackClock "0:00:08"]

1. d4 g6 2. e4 c5 3. dxc5 Bg7 4. Nc3 Qa5 5. Bd2 Qxc5 6. Nd5 Na6 7. Nf3 Nf6 8. b4 Qd6 9. Bxa6 Nxd5 10. Bc4 Nc3 11. Bxc3 Bxc3+ 12. Ke2 Qxb4 13. Qd3 Bxa1 14. Rxa1 d6 15. Ng5 O-O 16. Kf1 h6 17. Nf3 Bd7 18. e5 Bf5 19. Qd4 Be6 20. Bxe6 Qxd4 21. Nxd4 fxe6 22. Nxe6 Rf5 23. exd6 exd6 24. Nd4 Rc5 25. Re1 Kf7 26. Re3 Re8 27. Rf3+ Kg7 28. g3 Rc4 29. Nb5 Rxc2 30. Nxd6 Re7 31. a3 Rc5 32. h4 h5 33. Rf4 a6 34. Kg2 Rc2 35. Nc4 Rf7 36. Rxf7+ Kxf7 37. Nd6+ Ke6 38. Nxb7 Rc3 39. a4 Rc4 40. Kf3 Kd5 41. a5 Ke6 42. Ke3 Kd7 43. Kd3 Rc7 0-1


[Site "https://www.chess.com"]

[Event "Titled Tuesday Blitz April 4 Early 2023"]
[White "Shukhman, Anna"]
[Black "Dobre, Claudiu-Cristian"]
[WhiteFideId "54180058"]
[BlackFideId "1211854"]
[WhiteElo "2125"]
[BlackElo "2207"]
[Result "1-0"]
[Round "11"]
[TimeControl "180+2"]
[Date "2023.04.04"]
[WhiteClock "0:00:10"]
[BlackClock "0:00:02"]

1. e4 Nc6 2. Nf3 d6 3. d4 Nf6 4. Nc3 Bg4 5. Be3 e6 6. h3 Bh5 7. g4 Bg6 8. Bd3 d5 9. e5 Nd7 10. h4 Bxd3 11. Qxd3 h5 12. Ng5 hxg4 13. Qe2 Ne7 14. Qxg4 Nf5 15. Nxe6 Nxe3 16. Nxg7+ Bxg7 17. Qxg7 Rxh4 18. fxe3 Rxh1+ 19. Kd2 Rh2+ 20. Kd3 Nf8 21. Rf1 Qd7 22. Qf6 c6 23. Rg1 Qe7 24. Qf4 Rh4 25. Qf5 Qe6 26. Qf2 Qh6 27. Ne2 Qh7+ 28. Kd2 O-O-O 29. b4 Ne6 30. b5 Rg8 31. bxc6 Rxg1 32. cxb7+ Kxb7 33. Qxg1 Rh2 34. Qb1+ Kc8 35. Qb5 Nc7 36. Qc5 Qg7 37. Qd6 a5 38. e6 fxe6 39. Qxh2 Kb7 40. Qd6 Qf7 41. Qc5 Qe8 42. Qxa5 Qc6 43. Qb4+ Kc8 44. Nf4 Nb5 45. Nxe6 Nd6 46. Nc5 Nc4+ 47. Kc1 Nxe3 48. Qe1 Nf5 49. Qe5 Nd6 50. Qe6+ Kb8 51. Nd7+ Kc7 52. Ne5 Qa6 53. Qe7+ Kb8 54. Qd8+ Ka7 55. Qc7+ Ka8 56. Nc6 Qa3+ 57. Kb1 Nb5 58. Qb8# 1-0


[Site "https://www.chess.com"]

[Event "Titled Tuesday Blitz April 4 Early 2023"]
[White "Sreyas Payyappat"]
[Black "lluiss"]
[WhiteFideId "46674969"]
[WhiteElo "2083"]
[BlackElo "2255"]
[Result "1-0"]
[Round "11"]
[TimeControl "180+2"]
[Date "2023.04.04"]
[WhiteClock "0:00:35"]
[BlackClock "0:00:01"]

1. e4 c5 2. Nf3 d6 3. d4 cxd4 4. Nxd4 Nf6 5. Nc3 g6 6. f4 Nc6 7. Be3 Bg7 8. Be2 O-O 9. Qd3 Nb4 10. Qd2 e5 11. Nf3 Ng4 12. Bg1 exf4 13. h3 Ne3 14. Bd3 d5 15. a3 dxe4 16. Nxe4 Bxb2 17. Rb1 Nxd3+ 18. cxd3 Bg7 19. Bxe3 fxe3 20. Qe2 f5 21. Neg5 Bc3+ 22. Kf1 h6 23. Qa2+ Kg7 24. Qc4 Bf6 25. h4 hxg5 26. hxg5 Bxg5 27. Ke2 Bf6 28. Rh2 1-0


[Site "https://www.chess.com"]

[Event "Titled Tuesday Blitz April 4 Early 2023"]
[White "Pein, Jonathan"]
[Black "Krysa, Leandro"]
[WhiteFideId "417092"]
[BlackFideId "116807"]
[WhiteElo "2151"]
[BlackElo "2489"]
[Result "0-1"]
[Round "11"]
[TimeControl "180+2"]
[Date "2023.04.04"]
[WhiteClock "0:00:04"]
[BlackClock "0:00:24"]

1. e4 c5 2. g3 d5 3. exd5 Qxd5 4. Nf3 Bg4 5. Bg2 Qe6+ 6. Kf1 Nc6 7. h3 Bh5 8. d3 Qd7 9. Na3 Nf6 10. Nc4 Nd5 11. g4 Bg6 12. Nfe5 Nxe5 13. Nxe5 Qd6 14. Nxg6 hxg6 15. Qf3 Rd8 16. Bd2 Rd7 17. Re1 e6 18. h4 Be7 19. h5 gxh5 20. Rxh5 Rxh5 21. gxh5 Bf6 22. h6 Qh2 23. c4 Nb4 24. Bf4 Qh4 25. Re4 Nxd3 26. Be3 Qh2 27. Qf5 Ne5 28. Qf4 Qh5 29. h7 Rd1# 0-1


[Site "https://www.chess.com"]